 Dungeon Crawl Stone Soup version 0.28.0-43-g3370ac3207 (webtiles) character file.

Game seed: 12420105097104417762

30 RascalDebosk the Conjurer (level 3, -1/26 HPs)
             Began as a Draconian Conjurer on Mar 25, 2022.
             Slain by Terence
             ... wielding a +0 hand axe
              (4 damage)
             ... on level 2 of the Dungeon.
             The game lasted 00:11:20 (1749 turns).

RascalDebosk the Conjurer (Draconian Conjurer)      Turns: 1749, Time: 00:11:22

Health: -1/26      AC:  5    Str:  9    XL:     3   Next: 3%
Magic:  6/6        EV: 12    Int: 20    God:
Gold:   40         SH:  0    Dex:  9    Spells: 3/6 levels left

rFire   . . .      SeeInvis .   m - +2 dagger (venom)
rCold   . . .      Faith    .   (no shield)
rNeg    . . .      Spirit   .   (armour unavailable)
rPois   .          Reflect  .   (helmet restricted)
rElec   .          Harm     .   (no cloak)
rCorr   .          Rampage  .   (no gloves)
Will    .....                   (no boots)
Stlth   ++........              (no amulet)
HPRegen 0.08/turn               (no ring)
MPRegen 0.10/turn               (no ring)

@: no status effects
A: AC +5, unfitting armour, cold-blooded
a: no special abilities


You were on level 2 of the Dungeon.
You visited 1 branch of the dungeon, and saw 2 of its levels.

You collected 40 gold pieces.

Inventory:

Hand Weapons
 j - a +3 dagger
 m - a +2 dagger of venom (weapon)
Missiles
 c - 41 stones
Magical Staves
 h - a staff of air
Scrolls
 a - a scroll of vulnerability {unknown}
 b - a scroll of acquirement {unknown}
 f - a scroll of summoning {unknown}
 g - a scroll of identify {unknown}
 i - a scroll of fog {unknown}
 k - a scroll of immolation {unknown}
 l - a scroll of fear {unknown}
 o - a scroll of teleportation {unknown}
Potions
 d - a potion of curing {unknown}
 e - a potion of berserk rage {unknown}
 n - a potion of resistance {unknown}


   Skills:
 + Level 2.1 Dodging
 - Level 2.0 Stealth
 + Level 2.3 Spellcasting
 + Level 4.2 Conjurations
 + Level 0.3 Hexes
 + Level 0.4 Translocations
 + Level 0.4 Evocations


You had 3 spell levels left.
You knew the following spells:

 Your Spells              Type           Power      Damage    Failure   Level
a - Magic Dart            Conj           76%        1d6       2%          1
b - Searing Ray           Conj           38%        2d5       4%          2

Your spell library contained the following spells:

 Spells                   Type           Power      Damage    Failure   Level
 Dazzling Flash           Conj/Hex       22%        N/A       19%         3
 Call Imp                 Summ           2%         N/A       22%         2
 Mephitic Cloud           Conj/Pois/Air  7%         N/A       26%         3
 Tukima's Dance           Hex            3%         N/A       38%         3
 Fulminant Prism          Conj/Hex       5%         3d7       52%         4
 Iskenderun's Mystic Bla  Conj/Tloc      11%        2d4       52%         4
 Anguish                  Hex/Necr       1%         N/A       82%         4
 Enfeeble                 Hex            1%         N/A       100%        7


Dungeon Overview and Level Annotations

Branches:
Dungeon (2/15)

Altars:

Annotations:
D:2 Terence


Innate Abilities, Weirdness & Mutations

Your plain brown scales are hard. (AC +5)
You cannot fit into any form of body armour.
You are cold-blooded and may be slowed by cold attacks.


Message History

You kill the frilled lizard!
o - a scroll labelled LEBLIL BUBOLUX You pick up a book of Maledictions and begin reading...
You add the spells Tukima's Dance, Anguish and Enfeeble to your library.
Okay, then.
You open the door.
Terence the Incautious comes into view.
He is wielding a +0 hand axe.
Press: ? - help, v - describe, . - travel
Here: Terence, wielding a +0 hand axe and wearing a +0 scale mail (asleep)
The floor.
Found a stone staircase leading down.
There is an open door here.
Terence shouts!
Terence hits you with a +0 hand axe.
You hit Terence but do no damage.
Your tail-slap misses Terence.
Terence hits you with a +0 hand axe.
A hobgoblin comes into view.
The hobgoblin shouts!
You hit Terence but do no damage. Terence hits you with a +0 hand axe.
You hit Terence but do no damage.
Terence is poisoned.
You tail-slap Terence, but do no damage.
Terence hits you with a +0 hand axe.
You hit Terence but do no damage. Terence barely misses you.
You hit Terence but do no damage.
Terence looks as sick as possible!
You tail-slap Terence, but do no damage.
The hobgoblin hits you.
* * * LOW HITPOINT WARNING * * *
Terence barely misses you.
You hit Terence.
Terence looks as sick as possible!
Terence is moderately wounded.
The hobgoblin hits you.
* * * LOW HITPOINT WARNING * * *
Terence hits you but does no damage.
You hit Terence but do no damage.
Terence looks as sick as possible!
Your punch misses Terence.
Terence is moderately wounded.
The hobgoblin hits you.
* * * LOW HITPOINT WARNING * * *
Terence hits you with a +0 hand axe.
You die...

........####.....#
#.######.# #.†...# #.
#.# ###.### #. ##'##
#.#.. .. ##...## #.#.#
#. ##.....## #.... ###
#. ##.......####...
.....#.##.........# #...
......@@'.........+.....
......g##.........###...
.>...## ##.......## #.#.
.... ##.....## #.## ##.
##...## #.. # #+## ###


You could see Terence (extremely poisoned) and a hobgoblin.

Vanquished Creatures
  An adder (D:2)
  A worm (D:2)
  An endoplasm (D:1)
  3 goblins
  2 hobgoblins
  4 kobolds
  A quokka (D:1)
  2 bats (D:1)
  A frilled lizard (D:2)
16 creatures vanquished.

Notes
Turn   | Place    | Note
-------+----------+-------------------------------------------
     0 | D:1      | RascalDebosk the Draconian Conjurer began the quest for the
                  | Orb.
     0 | D:1      | Reached XP level 1. HP: 14/14 MP: 3/3
   716 | D:1      | Reached XP level 2. HP: 20/20 MP: 3/5
   719 | D:1      | Learned a level 2 spell: Searing Ray
   976 | D:2      | Found a faded altar of an unknown god.
  1694 | D:2      | Reached XP level 3. HP: 26/26 MP: 4/6
  1740 | D:2      | Noticed Terence
  1749 | D:2      | Slain by Terence

Illustrated notes

Levels and vault maps discovered:
D:1:      roderic_chinese_lattice_arrival, layout_loops_cross
D:2:      layout_loops_corners, hellmonk_ecumenical_altar_inner_sanctum,
          uniq_terence

Skill      XL: |  1 |
---------------+----+-----
Stealth        | 2 |  2.0
Dodging        | 2 |  2.1
Spellcasting   | |  2.3
Conjurations   | |  4.2
Hexes          | |  0.3
Translocations | |  0.4
Evocations     | |  0.4

Action                   || total
-------------------------++-------
Melee: Dagger            ||    30
       Tailslap          ||     3
 Cast: Magic Dart        ||    23
Armor: Skin              ||    15
Dodge: Dodged            ||    22
